 Dungeon Crawl Stone Soup version 0.19.0-2-gae57169 (webtiles) character file.

1984 nikopol the Cleaver (level 9, -6/79 HPs)
             Began as a Hill Orc Berserker on Nov 5, 2016.
             Was an Elder of Trog.
             Mangled by Prince Ribbit (15 damage)
             ... on level 6 of the Dungeon.
             The game lasted 00:12:56 (6748 turns).

nikopol the Cleaver (Hill Orc Berserker)            Turns: 6748, Time: 00:12:56

Health: -6/79      AC:  9    Str: 21    XL:     9   Next: 21%
Magic:  9/9        EV: 12    Int:  7    God:    Trog [****..]
Gold:   308        SH:  0    Dex: 12    Spells: 0 memorised, 8 levels left

rFire  . . .     SeeInvis .     a - +0 war axe
rCold  . . .     Gourm    .     p - +0 scale mail
rNeg   . . .     Faith    .     (no shield)
rPois  .         Spirit   .     h - +1 helmet
rElec  .         Reflect  .     (no cloak)
rCorr  .         Harm     .     (no gloves)
MR     ++...                    (no boots)
Stlth  ..........               (no amulet)
                                (no ring)
                                (no ring)

@: lethally poisoned (-6 -> -6), exhausted, regenerating, slowed, drained, very
slow
A: no striking features
a: Berserk, Trog's Hand, Brothers in Arms, Burn Spellbooks, Renounce Religion


You were on level 6 of the Dungeon.
You worshipped Trog.
Trog was greatly pleased with you.
You were near starving.

You visited 1 branch of the dungeon, and saw 6 of its levels.
You also visited: Ossuary.

You collected 308 gold pieces.

Inventory:

Hand Weapons
 a - a +0 war axe (weapon)
 w - a +1 hand axe
 z - a +0 shortbow
Missiles
 q - 47 arrows (quivered)
Armour
 b - a +0 animal skin
 h - a +1 helmet (worn)
 p - a +0 scale mail (worn)
Wands
 l - a wand of lightning (11/15)
 r - a wand of slowing (7/48)
Scrolls
 g - 6 scrolls of identify
 k - 2 scrolls of amnesia {unknown}
 n - 2 scrolls of magic mapping
 o - a scroll of fear
 u - 2 scrolls of enchant armour
 v - 2 scrolls of remove curse
 x - a scroll of silence {unknown}
Potions
 d - a potion of cure mutation {unknown}
 e - 4 potions of resistance {unknown}
 f - 2 potions of brilliance {unknown}
 i - 3 potions of lignification
 j - a potion of heal wounds {unknown}
 s - a potion of degeneration {unknown}
 t - 4 potions of curing {unknown}
Comestibles
 c - 6 bread rations
 m - 2 meat rations


   Skills:
 + Level 7.3(7.1) Fighting
 * Level 8.4(8.3) Axes
 * Level 3.4(3.3) Bows
 + Level 6.0(5.8) Armour
 + Level 5.0(4.9) Dodging


You had 8 spell levels left.
You didn't know any spells.

Dungeon Overview and Level Annotations

Branches:
Dungeon (6/15)             Temple (0/1) D:5

Altars:
Dithmenos
Gozag
Sif Muna
The Shining One

Annotations:
D:6 Prince Ribbit


Message History

Prince Ribbit closely misses you. Prince Ribbit hits you.
You closely miss Prince Ribbit.
Prince Ribbit is moderately wounded.
You feel sick. Prince Ribbit hits you!
* * * LOW HITPOINT WARNING * * *
Prince Ribbit misses you. Prince Ribbit closely misses you.
You slash Prince Ribbit!
Prince Ribbit is heavily wounded.
Prince Ribbit hits you!
* * * LOW HITPOINT WARNING * * *
Prince Ribbit hits you.
* * * LOW HITPOINT WARNING * * *
Your skin crawls.
You feel resistant to hostile enchantments.
You feel somewhat more hungry. Prince Ribbit misses you.
Prince Ribbit hits you but does no damage.
You feel the effects of Trog's Hand fading.
You feel sick.
Prince Ribbit blinks!
You feel sick. Prince Ribbit hits you!
You die...

#.......##....... $
######..##....... .
###..##.###'## .#
####.).....# #.# #.
#....#..#### #.# #.
#....#...# #.# ### #.
+.<).....# #.#
.....#†########F..##......
..#
...(.....(.)..@....#..####
###
.....#.###########.#..#
... ... ...>. . ..##.
.###.# #. ## .. .# #. ## .


You could see Prince Ribbit.

Vanquished Creatures
  A hornet (D:6)
  A hornet zombie (D:4)
  A sky beast (D:4)
  3 ice beasts
  A centaur (D:5)
  A bullfrog (D:6)
  A scorpion (D:5)
  5 wights (D:6)
  2 bullfrog zombies
  A centaur zombie (D:6)
  A human zombie (Ossuary)
  A centaur skeleton (D:4)
  5 orc wizards
  An iguana (D:4)
  3 orc priests
  Ijyb (D:3)
  Natasha (thrice) (D:2 D:4)
  4 worker ants
  3 hound zombies
  4 mummies (Ossuary)
  3 gnolls (D:2)
  5 adders
  A howler monkey skeleton (D:4)
  A shadow imp (D:5)
  An ooze (D:2)
  2 adder skeletons
  4 adder zombies (Ossuary)
  2 worms
  A dart slug (D:3)
  4 leopard geckos
  22 orcs
  A ball python (D:2)
  A giant cockroach (D:5)
  A gnoll zombie (Ossuary)
  6 goblins
  5 hobgoblins
  10 jackals
  8 kobolds
  3 quokkas
  4 bats
  2 frilled lizards (D:1)
  A goblin zombie (Ossuary)
  2 hobgoblin zombies (Ossuary)
  A leopard gecko skeleton (D:4)
  2 orc zombies (Ossuary)
  2 quokka skeletons
  2 quokka zombies
  5 rats
145 creatures vanquished.

Notes
Turn   | Place    | Note
-------+----------+-------------------------------------------
     0 | D:1      | nikopol the Hill Orc Berserker began the quest for the Orb.
     0 | D:1      | Reached XP level 1. HP: 19/19 MP: 1/1
   110 | D:1      | Reached XP level 2. HP: 25/27 MP: 2/2
   645 | D:2      | Noticed Natasha
   653 | D:2      | Killed Natasha
   653 | D:2      | Reached XP level 3. HP: 13/33 MP: 3/3
  1182 | D:2      | Reached ** piety under Trog
  1360 | D:2      | Reached XP level 4. HP: 37/40 MP: 4/4
  2132 | D:2      | Reached skill level 5 in Axes
  2132 | D:2      | Reached XP level 5. HP: 34/46 MP: 5/5
  2492 | D:3      | Found a glowing golden altar of the Shining One.
  2616 | D:3      | Noticed Ijyb
  2626 | D:3      | Killed Ijyb
  2755 | D:3      | Reached XP level 6. HP: 53/53 MP: 6/6
  3046 | D:3      | Found an opulent altar of Gozag.
  3383 | D:3      | Reached *** piety under Trog
  3719 | D:4      | Reached skill level 5 in Fighting
  3793 | D:4      | Noticed Natasha
  3814 | D:4      | Killed Natasha
  3940 | D:4      | Reached skill level 6 in Axes
  3940 | D:4      | Reached XP level 7. HP: 36/61 MP: 7/7
  4043 | D:4      | Noticed Natasha
  4062 | D:4      | Killed Natasha
  4344 | D:4      | Found a deep blue altar of Sif Muna.
  4680 | D:5      | Entered Level 5 of the Dungeon
  4792 | D:5      | Reached skill level 5 in Armour
  4821 | D:5      | Reached XP level 8. HP: 50/70 MP: 8/8
  4837 | D:5      | Reached skill level 7 in Axes
  5037 | D:5      | Found a sand-covered staircase.
  5046 | Ossuary  | Entered an ossuary
  5054 | Ossuary  | Reached **** piety under Trog
  5410 | D:5      | Reached skill level 1 in Bows
  6053 | D:5      | Found a staircase to the Ecumenical Temple.
  6330 | D:6      | Found a shadowy altar of Dithmenos.
  6402 | D:6      | Noticed a hornet
  6409 | D:6      | Killed a hornet
  6409 | D:6      | Reached skill level 8 in Axes
  6409 | D:6      | Reached XP level 9. HP: 48/79 MP: 9/9
  6681 | D:6      | Reached skill level 5 in Dodging
  6724 | D:6      | Noticed Prince Ribbit
  6744 | D:6      | HP: 3/79 [Prince Ribbit (5)]
  6748 | D:6      | Mangled by Prince Ribbit

Skill      XL: |  1  2  3  4  5  6  7  8  9 |
---------------+----------------------------+-----
Dodging        | 2 3 4 5 |  5.0
Fighting       | 4 5 6 7 |  7.3
Armour         | 3 4 5 6 |  6.0
Axes           | 5 6 8 |  8.4
Bows           | 2 3 |  3.4

Action                   |  1- 3 |  4- 6 |  7- 9 || total
-------------------------+-------+-------+-------++-------
Melee: Hand axe          |    54 |   250 |   155 ||   459
       War axe           |       |       |    59 ||    59
 Fire: Shortbow          |       |       |    77 ||    77
Invok: Berserk           |     1 |     3 |     3 ||     7
       Burn Spellbooks   |       |     1 |     1 ||     2
       Trog's Hand       |       |       |     1 ||     1
  Use: Scroll            |       |       |     8 ||     8
 Stab: Distracted        |       |     1 |       ||     1
       Sleeping          |       |     1 |       ||     1
  Eat: Chunk             |     1 |     7 |     6 ||    14
       Meat ration       |       |     1 |     1 ||     2
Armor: Animal skin       |    10 |    34 |       ||    44
       Scale mail        |       |    34 |    86 ||   120
Dodge: Dodged            |    33 |   196 |   127 ||   356
